 Dungeon Crawl Stone Soup version 0.20.1-1-g8b1a95d (webtiles) character file.

19 digijack the Insei (level 2, -4/18 HPs)
             Began as an Octopode Transmuter on Oct 7, 2017.
             Slain by a goblin
             ... wielding a +0 club
             ... led by Robin
              (8 damage)
             ... on level 2 of the Dungeon.
             The game lasted 00:11:48 (1043 turns).

digijack the Insei (Octopode Transmuter)            Turns: 1043, Time: 00:11:49

Health: -4/18      AC:  1    Str: 14    XL:     2   Next: 75%
Magic:  5/5        EV: 13    Int: 15    God:
Gold:   20         SH:  0    Dex: 12    Spells: 4/5 levels left

rFire    . . .     SeeInvis .   k - +0 dagger (speed)
rCold    . . .     Gourm    .   (no shield)
rNeg     . . .     Faith    .   (helmet restricted)
rPois    .         Spirit   .   (no amulet)
rElec    .         Reflect  .   i - +5 ring of strength (curse)
rCorr    .         Harm     .   (no ring)
MR       .....                  (no ring)
Stlth    ++........             (no ring)
Regen    0.1/turn               (no ring)
MPRegen  0.1/turn               (no ring)
                                (no ring)
                                (no ring)

@: no status effects
A: almost no armour, stealthy swim, amphibious, 8 rings, constrict 8, camouflage
1, gelatinous body 1
a: no special abilities


You were on level 2 of the Dungeon.
You were not hungry.

You visited 1 branch of the dungeon, and saw 2 of its levels.

You collected 20 gold pieces.

Inventory:

Hand Weapons
 g - a +1 hunting sling
 k - a +0 dagger of speed (weapon)
Missiles
 a - 12 arrows
 h - 28 bolts
 j - 14 stones (quivered)
Jewellery
 i - a cursed +5 ring of strength (left tentacle)
Scrolls
 e - a scroll of enchant armour
 f - 2 scrolls of remove curse
Books
 b - a book of Changes

   Spells                             Type                      Level
   a - Beastly Appendage              Transmutation                1
   b - Sticks to Snakes               Transmutation                2
   c - Spider Form                    Transmutation/Poison         3
   d - Ice Form                       Ice/Transmutation            4
   e - Blade Hands                    Transmutation                5
Comestibles
 c - 2 bread rations
 d - a royal jelly
 l - a chunk of flesh
 m - 3 fruits


   Skills:
 + Level 1.0 Fighting
 + Level 2.0 Dodging
 + Level 0.4 Stealth
 + Level 3.3 Unarmed Combat
 + Level 2.4 Spellcasting
 + Level 2.2 Transmutations


You had 4 spell levels left.
You knew the following spells:

 Your Spells              Type           Power        Failure   Level  Hunger
a - Beastly Appendage     Tmut           #.....       9%          1    #......


Dungeon Overview and Level Annotations

Branches:
Dungeon (2/15)

Altars:

Annotations:
D:2 Robin


Innate Abilities, Weirdness & Mutations

You cannot wear most types of armour.
You are very stealthy in the water. (Stealth+)
You are amphibious.
You can wear up to eight rings at the same time.
You can use your tentacles to constrict eight enemies at once.
Your skin changes colour to match your surroundings (Stealth+).
Your rubbery body absorbs attacks. (AC +1, EV +1)


Message History

The goblin wields a hunting sling.
The goblin shoots a stone.
The stone closely misses you.
The stone hits the goblin!
The goblin dies!
The goblin closely misses you.
The goblin shoots a stone.
The stone hits you.
You see here a stone.
You hit the hobgoblin but do no damage. You grab the hobgoblin.
The hobgoblin is almost dead.
You constrict the hobgoblin, but do no damage.
Robin says, "My army is invincible!"
The goblin misses you.
You hit the hobgoblin.
You kill the hobgoblin!
Your tentacle spike disappears.
You barely miss the hobgoblin. Your grab misses the hobgoblin.
Robin throws the goblin at you! The goblin closely misses you.
The goblin hits you with a club.
* * * LOW HITPOINT WARNING * * *
The goblin hits you with a club!
You die...

............#####.
........................=..
..............#............
...........................
...........................
#................#g#)'.....
.......# #..#g)...#..<#
.......######..gg#g#.....#
.......'..#....#@g.........
..)....##.#.#####g..........
.#..............'.......#...
.#.............##)....#+#...
.#.............##...#.......
.#......#......##...........
........#.#....##...........
........#.#....##...####....
........#.##......#.# ....


You could see Robin, a hobgoblin and 5 goblins.

Vanquished Creatures
  8 goblins
  4 hobgoblins
  A frilled lizard (D:2)
  2 kobolds
  A rat (D:1)
16 creatures vanquished.

Vanquished Creatures (others)
  A goblin (D:2)
1 creature vanquished.

Grand Total: 17 creatures vanquished

Notes
Turn   | Place    | Note
-------+----------+-------------------------------------------
     0 | D:1      | digijack the Octopode Transmuter began the quest for the Orb.
     0 | D:1      | Reached XP level 1. HP: 13/13 MP: 3/3
   305 | D:1      | Reached XP level 2. HP: 8/18 MP: 3/5
  1024 | D:2      | Noticed Robin
  1043 | D:2      | Slain by a goblin

Action                   || total
-------------------------++-------
Melee: Unarmed           ||    12
       Constrict         ||    13
       Kick              ||     8
       Punch             ||     1
       Dagger            ||    17
       Tentacles         ||     5
 Cast: Beastly Appendage ||     8
  Use: Scroll            ||     5
Armor: Skin              ||     1
Dodge: Dodged            ||    21
